3L
QUEBEC CITY LES BLEUS @ HOUSTON 1837 BBC
09/25/2034
 
TOP OF THE 1ST
Quebec City Les Bleus batting - Pitching for Houston 1837 BBC : RHP Gary Mason
Pitching: RHP Gary Mason
Batting: LHB Jeff Simpson 0-0: Swinging Strike
0-1: Ball
1-1: Fly out, F3 (Popup, 3L)
Batting: LHB Scott Janousek 0-0: Swinging Strike
0-1: Ball
1-1: Fly out, F7 (Flyball, 7S)
Batting: RHB Kameron Guangorena 0-0: Ball
1-0: Foul Ball, location: 2F
1-1: Ball
2-1: Called Strike
2-2: Foul Ball, location: 2F
2-2: Foul Ball, location: 2F
2-2: Fly out, F5 (Popup, 6S)
Top of the 1st over - 0 runs, 0 hits, 0 errors, 0 left on base; Quebec City 0 - Houston 0
BOTTOM OF THE 1ST
Houston 1837 BBC batting - Pitching for Quebec City Les Bleus : RHP Michael Machen
Pitching: RHP Michael Machen
Batting: LHB Kai-ge Choe 0-0: Called Strike
0-1: Foul Ball, location: 2F
0-2: Ball
1-2: Strikes out swinging
Batting: RHB Joey Trifone 0-0: Ground out 6-3 (Groundball, 6)
Batting: RHB Jon Osterman 0-0: Ball
1-0: Called Strike
1-1: Ground out 5-3 (Groundball, 56)
Bottom of the 1st over - 0 runs, 0 hits, 0 errors, 0 left on base; Quebec City 0 - Houston 0
TOP OF THE 2ND
Quebec City Les Bleus batting - Pitching for Houston 1837 BBC : RHP Gary Mason
Batting: LHB Palaie Gaoteote 0-0: Ball
1-0: Called Strike
1-1: Ball
2-1: Foul Ball, location: 2F
2-2: Ground out 4-3 (Groundball, 34)
Batting: RHB Kumanosuke Asano 0-0: Ball
1-0: Swinging Strike
1-1: Called Strike
1-2: Ball
2-2: Strikes out swinging
Batting: RHB Cam MacIntosh 0-0: Foul Ball, location: 2F
0-1: Ball
1-1: Foul Ball, location: 2F
1-2: SINGLE (Flyball, 7LS)
Batting: RHB Tevin McTevin 0-0: Called Strike
0-1: Called Strike
0-2: Foul Ball, location: 2F
0-2: Ball
1-2: Foul Ball, location: 2F
1-2: Ball
2-2: Strikes out swinging
Top of the 2nd over - 0 runs, 1 hit, 0 errors, 1 left on base; Quebec City 0 - Houston 0
BOTTOM OF THE 2ND
Houston 1837 BBC batting - Pitching for Quebec City Les Bleus : RHP Michael Machen
Batting: LHB Scott Kerin 0-0: Ball
1-0: Ball
2-0: Ball
3-0: Base on Balls
Batting: RHB Komotay Koffie 0-0: Called Strike
0-1: Ball
1-1: Ball
2-1: Foul Ball, location: 2F
2-2: Foul Ball, location: 2F
2-2: Ball
3-2: Base on Balls
Scott Kerin to second
Batting: LHB Mike Houston 0-0: Ball
1-0: Ball
2-0: Ball
3-0: Called Strike
3-1: Swinging Strike
3-2: Foul Ball, location: 2F
3-2: Foul Ball, location: 2F
3-2: SINGLE (Line Drive, 34)
Scott Kerin to third
Komotay Koffie to second
Batting: RHB Phil Sherman 0-0: Ball
1-0: Swinging Strike
1-1: Called Strike
1-2: Ball
2-2: Ball
3-2: Fly out, F9 (Flyball, 89D)
Runner from 3rd tags up, OUT at HOME
Komotay Koffie to third
Mike Houston to second
Batting: RHB Eugene Bennett 0-0: Ground out 5-3 (Groundball, 56)
Bottom of the 2nd over - 0 runs, 1 hit, 0 errors, 2 left on base; Quebec City 0 - Houston 0
TOP OF THE 3RD
Quebec City Les Bleus batting - Pitching for Houston 1837 BBC : RHP Gary Mason
Batting: SHB Arvo Helminen 0-0: Ball
1-0: Ball
2-0: Called Strike
2-1: SINGLE (Line Drive, 4M)
Batting: RHB Stan Pagnotta 0-0: Called Strike
0-1: Ball
Arvo Helminen steals 2nd base
1-1: Ball
2-1: Ball
3-1: Called Strike
3-2: Fly out, F8 (Flyball, 8RD)
Runner from 2nd tags up, SAFE at 3rd with throw
Batting: LHB Jeff Simpson 0-0: Ball
1-0: Ball
2-0: Foul Ball, location: 2F
2-1: Foul Ball, location: 2F
2-2: Ball
3-2: SINGLE (Line Drive, 6) (infield hit)
Arvo Helminen scores
Batting: LHB Scott Janousek 0-0: Ball
1-0: Foul Ball, location: 2F
1-1: Ball
2-1: Ball
3-1: Foul Ball, location: 2F
3-2: Grounds into double play, 4-6-3 (Groundball, 4D)
Top of the 3rd over - 1 run, 2 hits, 0 errors, 0 left on base; Quebec City 1 - Houston 0
BOTTOM OF THE 3RD
Houston 1837 BBC batting - Pitching for Quebec City Les Bleus : RHP Michael Machen
Batting: RHB Juan Chávez 0-0: Called Strike
0-1: Swinging Strike
0-2: Foul Ball, location: 2F
0-2: Ball
1-2: Ball
2-2: Foul Ball, location: 2F
2-2: Foul Ball, location: 2F
2-2: Strikes out swinging
Batting: LHB Kai-ge Choe 0-0: Ball
1-0: Fly out, F7 (Flyball, 7LMF)
Batting: RHB Joey Trifone 0-0: Ball
1-0: SINGLE (Groundball, 6MD)
Batting: RHB Jon Osterman 0-0: Fielders Choice at 2nd, 5-4 (Groundball, 56)
Bottom of the 3rd over - 0 runs, 1 hit, 0 errors, 1 left on base; Quebec City 1 - Houston 0
TOP OF THE 4TH
Quebec City Les Bleus batting - Pitching for Houston 1837 BBC : RHP Gary Mason
Batting: RHB Kameron Guangorena 0-0: Called Strike
0-1: Ball
1-1: Foul Ball, location: 2F
1-2: Ball
2-2: Fly out, F8 (Flyball, 8RS)
Batting: LHB Palaie Gaoteote 0-0: Swinging Strike
0-1: Ball
1-1: Called Strike
1-2: Foul Ball, location: 2F
1-2: Foul Ball, location: 2F
1-2: Strikes out swinging
Batting: RHB Kumanosuke Asano 0-0: Ball
1-0: SINGLE (Flyball, 78S)
Batting: RHB Cam MacIntosh 0-0: Ball
1-0: Foul Ball, location: 2F
1-1: Foul Ball, location: 2F
1-2: Foul Ball, location: 2F
1-2: Ball
2-2: Strikes out swinging
Top of the 4th over - 0 runs, 1 hit, 0 errors, 1 left on base; Quebec City 1 - Houston 0
BOTTOM OF THE 4TH
Houston 1837 BBC batting - Pitching for Quebec City Les Bleus : RHP Michael Machen
Batting: LHB Scott Kerin 0-0: Foul Ball, location: 2F
0-1: Foul Ball, location: 2F
0-2: Foul Ball, location: 2F
0-2: Foul Ball, location: 2F
0-2: Ball
1-2: SINGLE (Flyball, 89M)
Batting: RHB Komotay Koffie 0-0: Ground out 5-3 (Groundball, 56S)
Scott Kerin to second
Batting: LHB Mike Houston 0-0: Ball
1-0: Ball
2-0: Ground out U3 (Groundball, 3)
Scott Kerin to third
Batting: RHB Phil Sherman 0-0: Ball
1-0: Ball
2-0: Foul Ball, location: 2F
2-1: Ball
3-1: Ground out U3 (Groundball, 34S)
Bottom of the 4th over - 0 runs, 1 hit, 0 errors, 1 left on base; Quebec City 1 - Houston 0
TOP OF THE 5TH
Quebec City Les Bleus batting - Pitching for Houston 1837 BBC : RHP Gary Mason
Batting: RHB Tevin McTevin 0-0: Called Strike
0-1: Ball
1-1: Reached via error on a dropped throw, E1
Batting: SHB Arvo Helminen 0-0: Sac Bunt - play at first, batter OUT! 1-3
Tevin McTevin to second
Batting: RHB Stan Pagnotta 0-0: Ball
1-0: Ball
2-0: Foul Ball, location: 2F
2-1: Ground out 6-3 (Groundball, 6)
Batting: LHB Jeff Simpson 0-0: Foul Ball, location: 2F
0-1: Ball
1-1: Foul Ball, location: 2F
1-2: Ball
2-2: SINGLE (Groundball, 56D)
Tevin McTevin to third
Runner from 3rd tries for Home, SAFE, no throw
Batting: LHB Scott Janousek 0-0: Swinging Strike
0-1: Ball
1-1: Swinging Strike
1-2: Ball
2-2: Strikes out swinging
Top of the 5th over - 1 run, 1 hit, 1 error, 1 left on base; Quebec City 2 - Houston 0
BOTTOM OF THE 5TH
Houston 1837 BBC batting - Pitching for Quebec City Les Bleus : RHP Michael Machen
Batting: RHB Eugene Bennett 0-0: Called Strike
0-1: Foul Ball, location: 2F
0-2: SINGLE (Groundball, 56D)
Batting: RHB Juan Chávez 0-0: Foul Ball, location: 2F
0-1: Foul Ball, location: 2F
0-2: Foul Ball, location: 2F
0-2: Foul Ball, location: 2F
0-2: Ball
1-2: Ball
2-2: Ball
3-2: Base on Balls
Eugene Bennett to second
Batting: LHB Kai-ge Choe 0-0: Called Strike
0-1: Foul Ball, location: 2F
0-2: Ball
1-2: 3-RUN HOME RUN (Flyball, 9D), Distance : 401 ft
Batting: RHB Joey Trifone 0-0: Foul Ball, location: 2F
0-1: Ball
1-1: Ball
2-1: Foul Ball, location: 2F
2-2: Foul Ball, location: 2F
2-2: DOUBLE (Groundball, 5L)
Batting: RHB Jon Osterman 0-0: Ground out 5-3 (Groundball, 56S)
Joey Trifone to third
Batting: LHB Scott Kerin 0-0: Ball
1-0: Swinging Strike
1-1: Ball
2-1: SINGLE (Groundball, 56D)
Joey Trifone scores
Batting: RHB Komotay Koffie 0-0: Foul Ball, location: 2F
0-1: Grounds into double play, 5-4-3 (Groundball, 56)
Bottom of the 5th over - 4 runs, 4 hits, 0 errors, 0 left on base; Quebec City 2 - Houston 4
TOP OF THE 6TH
Quebec City Les Bleus batting - Pitching for Houston 1837 BBC : RHP Gary Mason
Batting: RHB Kameron Guangorena 0-0: Called Strike
0-1: Foul Ball, location: 2F
0-2: Foul Ball, location: 2F
0-2: Ball
1-2: Fly out, F6 (Line Drive, 6)
Batting: LHB Palaie Gaoteote 0-0: Called Strike
0-1: Ball
1-1: Foul Ball, location: 2F
1-2: Foul Ball, location: 2F
1-2: Foul Ball, location: 2F
1-2: DOUBLE (Line Drive, 89D)
Batting: RHB Kumanosuke Asano 0-0: Ball
Wild Pitch!
Palaie Gaoteote to third
1-0: Foul Ball, location: 2F
1-1: Ball
2-1: Called Strike
2-2: Ground out 6-3 (Groundball, 6MS)
Palaie Gaoteote scores
Batting: RHB Cam MacIntosh 0-0: Ball
1-0: Swinging Strike
1-1: Called Strike
1-2: Ball
2-2: Foul Ball, location: 2F
2-2: Strikes out looking
Top of the 6th over - 1 run, 1 hit, 0 errors, 0 left on base; Quebec City 3 - Houston 4
BOTTOM OF THE 6TH
Houston 1837 BBC batting - Pitching for Quebec City Les Bleus : RHP Michael Machen
Batting: LHB Mike Houston 0-0: Ball
1-0: Ball
2-0: Foul Ball, location: 2F
2-1: Foul Ball, location: 2F
2-2: Fly out, F6 (Flyball, 56D)
Batting: RHB Phil Sherman 0-0: Ball
1-0: Foul Ball, location: 2F
1-1: Foul Ball, location: 2F
1-2: Ball
2-2: Ball
3-2: Ground out 5-3 (Groundball, 5)
Batting: RHB Eugene Bennett 0-0: Ball
1-0: Ground out 5-3 (Groundball, 5)
Bottom of the 6th over - 0 runs, 0 hits, 0 errors, 0 left on base; Quebec City 3 - Houston 4
TOP OF THE 7TH
Quebec City Les Bleus batting - Pitching for Houston 1837 BBC : RHP Gary Mason
Batting: RHB Tevin McTevin 0-0: Ball
1-0: Ball
2-0: Ground out 4-3 (Groundball, 4)
Batting: SHB Arvo Helminen 0-0: Called Strike
0-1: Ball
1-1: Called Strike
1-2: Ball
2-2: Foul Ball, location: 2F
2-2: Ball
3-2: Strikes out swinging
Batting: RHB Stan Pagnotta 0-0: Foul Ball, location: 2F
0-1: Ball
1-1: Called Strike
1-2: Foul Ball, location: 2F
1-2: Strikes out swinging
Top of the 7th over - 0 runs, 0 hits, 0 errors, 0 left on base; Quebec City 3 - Houston 4
BOTTOM OF THE 7TH
Houston 1837 BBC batting - Pitching for Quebec City Les Bleus : RHP Michael Machen
Pitching: RHP Anastasio Cabanillas Jr.
Batting: RHB Juan Chávez 0-0: Called Strike
0-1: Ball
1-1: Ball
2-1: Called Strike
2-2: Strikes out swinging
Batting: LHB Kai-ge Choe 0-0: Ball
1-0: Called Strike
1-1: Ground out 5-3 (Groundball, 56)
Batting: RHB Joey Trifone 0-0: Ball
1-0: Fly out, F3 (Popup, 3F)
Bottom of the 7th over - 0 runs, 0 hits, 0 errors, 0 left on base; Quebec City 3 - Houston 4
TOP OF THE 8TH
Quebec City Les Bleus batting - Pitching for Houston 1837 BBC : RHP Gary Mason
Batting: LHB Jeff Simpson 0-0: Called Strike
0-1: Fly out, F7 (Flyball, 7D)
Batting: LHB Scott Janousek 0-0: Ball
1-0: Ground out 6-3 (Groundball, 6M)
Batting: RHB Kameron Guangorena 0-0: Hit by Pitch
Pitching: RHP José Ledezma
Batting: LHB Palaie Gaoteote 0-0: Ball
1-0: Foul Ball, location: 2F
1-1: Swinging Strike
1-2: Ball
2-2: 2-RUN HOME RUN (Flyball, 9LD), Distance : 343 ft
Batting: RHB Kumanosuke Asano 0-0: Ball
1-0: Fly out, F5 (Popup, 6S)
Top of the 8th over - 2 runs, 1 hit, 0 errors, 0 left on base; Quebec City 5 - Houston 4
BOTTOM OF THE 8TH
Houston 1837 BBC batting - Pitching for Quebec City Les Bleus : RHP Anastasio Cabanillas Jr.
Now at C: Stan St. John
Batting: RHB Jon Osterman 0-0: Called Strike
0-1: Ball
1-1: Ball
2-1: Called Strike
2-2: Ball
3-2: Base on Balls
Pitching: RHP José Barquero
Batting: LHB Scott Kerin 0-0: Ball
Jon Osterman steals 2nd base
1-0: Ball
2-0: Called Strike
2-1: Swinging Strike
2-2: Ball
3-2: Foul Ball, location: 2F
3-2: Base on Balls
Batting: RHB Komotay Koffie 0-0: Called Strike
0-1: Ball
1-1: Swinging Strike
1-2: Ball
2-2: Ball
3-2: Grounds into double play, 5-4-3 (Groundball, 56)
Jon Osterman to third
Batting: LHB Mike Houston 0-0: Called Strike
0-1: Ball
1-1: Ball
2-1: Ground out 1-3 (Groundball, 13)
Bottom of the 8th over - 0 runs, 0 hits, 0 errors, 1 left on base; Quebec City 5 - Houston 4
TOP OF THE 9TH
Quebec City Les Bleus batting - Pitching for Houston 1837 BBC : RHP José Ledezma
Batting: RHB Cam MacIntosh 0-0: Swinging Strike
0-1: Foul Ball, location: 2F
0-2: Ball
1-2: Foul Ball, location: 2F
1-2: Ball
2-2: Ball
3-2: Strikes out swinging
Batting: RHB Tevin McTevin 0-0: Ball
1-0: Ball
2-0: Called Strike
2-1: Foul Ball, location: 2F
2-2: Strikes out looking
Batting: SHB Arvo Helminen 0-0: Ball
1-0: Ball
2-0: Ball
3-0: Base on Balls
Batting: RHB Stan Pagnotta 0-0: Foul Ball, location: 2F
0-1: Ball
1-1: Ball
2-1: Foul Ball, location: 2F
2-2: Strikes out looking
Top of the 9th over - 0 runs, 0 hits, 0 errors, 1 left on base; Quebec City 5 - Houston 4
BOTTOM OF THE 9TH
Houston 1837 BBC batting - Pitching for Quebec City Les Bleus : RHP José Barquero
Pitching: RHP Matt Digby
Batting: RHB Phil Sherman 0-0: Fly out, F7 (Line Drive, 7D)
Batting: RHB Eugene Bennett 0-0: Ball
1-0: Ground out 5-3 (Groundball, 56S)
Batting: RHB Juan Chávez 0-0: Ball
1-0: SINGLE (Flyball, 7S)
Pinch Runner at 1st Carlos Medellín:
Batting: LHB Kai-ge Choe 0-0: Ball
1-0: Foul Ball, location: 2F
1-1: Ball
2-1: Swinging Strike
2-2: Strikes out swinging
Bottom of the 9th over - 0 runs, 1 hit, 0 errors, 1 left on base; Quebec City 5 - Houston 4
Friday, March 29th, 2019 - OOTP Baseball 18.8 Build 76